 Dungeon Crawl Stone Soup version 0.28.0-43-g3370ac3207 (webtiles) character file.

Game seed: 17590032677386439835

93 issech the Cudgeller (level 4, 0/45 HPs)
             Began as a Troll Monk on Mar 22, 2022.
             Slain by an orc priest
             ... wielding a +0 morningstar
              (9 damage)
             ... on level 2 of the Dungeon.
             The game lasted 00:04:15 (1660 turns).

issech the Cudgeller (Troll Monk)                   Turns: 1660, Time: 00:04:16

Health: 0/45       AC:  4    Str: 19    XL:     4   Next: 36%
Magic:  3/3        EV: 10    Int:  6    God:
Gold:   111        SH:  0    Dex: 14    Spells: 3/3 levels left

rFire   . . .      SeeInvis +   o - +0 flail
rCold   . . .      Faith    .   (no shield)
rNeg    . . .      Spirit   .   b - +0 robe
rPois   .          Reflect  .   (helmet restricted)
rElec   .          Harm     .   (no cloak)
rCorr   .          Rampage  .   (gloves unavailable)
Will    .....                   (boots unavailable)
Stlth   ++........              (no amulet)
HPRegen 0.95/turn               f - ring of see invisible
MPRegen 0.08/turn               (no ring)

@: no status effects
A: large, unfitting armour, claws 3, regeneration 1, shaggy fur 1, tough skin 1
a: no special abilities


You were on level 2 of the Dungeon.
You visited 1 branch of the dungeon, and saw 2 of its levels.

You collected 111 gold pieces.

Inventory:

Hand Weapons
 a - a +0 mace
 i - a +0 long sword
 o - a +0 flail (weapon)
Missiles
 c - 32 sling bullets
 d - 46 stones (quivered)
 m - 18 bolts
 n - 16 arrows
Armour
 b - a +0 robe (worn)
Magical Staves
 e - a staff of death
 g - a staff of cold
Jewellery
 f - a ring of see invisible (left claw)
Scrolls
 h - a scroll of blinking {unknown}
 j - a scroll of vulnerability {unknown}
 l - 3 scrolls of identify {unknown}
Potions
 k - a potion of berserk rage {unknown}


   Skills:
 + Level 3.0 Fighting
 + Level 3.5 Maces & Flails
 + Level 3.1 Dodging
 + Level 1.2 Stealth


You had 3 spell levels left.
You didn't know any spells.
Your spell library was empty.

Dungeon Overview and Level Annotations

Branches:
Dungeon (2/15)

Altars:


Innate Abilities, Weirdness & Mutations

You are too large for most types of armour.
You have claws for hands.
Your natural rate of healing is unusually fast.
You are covered in fur. (AC +1)
You have tough skin. (AC +1)


Message History

a +0 flail; a +0 scale mail; an orc corpse
o - a +0 flail
o - a +0 flail (weapon)
You now have 111 gold pieces (gained 6).
The orc priest shouts!
The orc shouts!
You hear an angry hiss.
The orc priest shouts!
The orc priest looks satisfied for a moment.
You hit the orc.
The orc is moderately wounded.
The orc barely misses you.
You closely miss the orc.
The orc is moderately wounded.
The orc barely misses you.
You sock the orc!
You kill the orc!
You barely miss the orc priest.
The orc priest mumbles some strange prayers to Beogh against you.
Pain shoots through your body!
You thump the orc priest!
The orc priest is almost dead.
The orc priest hits you with a +0 morningstar.
The orc priest hits you with a +0 club.
You barely miss the orc priest.
The orc priest is almost dead.
The orc priest barely misses you.
The orc priest invokes the aid of Beogh against you.
Pain shoots through your body!
The orc priest hits you with a +0 morningstar!
You hit the orc priest but do no damage.
The orc priest is almost dead.
The orc priest hits you but does no damage.
A ball python comes into view.
The orc priest closely misses you.
The orc priest calls down the wrath of Beogh upon you.
Beogh smites you!
* * * LOW HITPOINT WARNING * * *
You sock the orc priest!
You kill the orc priest!
The orc priest hits you with a +0 morningstar!
You die...

......#########.#
.....###........#
###..##..#...#..##
#.)#...........#
#..#⌠..........#
##.#..[........#
#†##..#...#...#
###.###.........#
##.#..#########.@######
#.#.#.........).)o......
.#.#.#...†..######.#####
#....[..###..........
.#.#.#### ######## ##S#
#......# .. ##...#.# .
....†..########
....#..##.....#


You could see an orc priest and a ball python.

Vanquished Creatures
  An orc priest (D:2)
  A gnoll (D:1)
  2 adders (D:2)
  A worm (D:2)
  2 dart slugs (D:1)
  4 orcs (D:2)
  3 endoplasms (D:2)
  2 giant cockroaches (D:2)
  2 goblins
  6 hobgoblins
  6 jackals (D:1)
  6 quokkas
  3 ball pythons
  4 bats
  2 frilled lizards
  2 kobolds (D:1)
  4 rats
51 creatures vanquished.

Notes
Turn   | Place    | Note
-------+----------+-------------------------------------------
     0 | D:1      | issech the Troll Monk began the quest for the Orb.
     0 | D:1      | Reached XP level 1. HP: 22/22 MP: 0/0
   135 | D:1      | Reached XP level 2. HP: 29/29 MP: 1/1
   399 | D:1      | Found a faded altar of an unknown god.
   521 | D:1      | Reached XP level 3. HP: 36/36 MP: 2/2
  1287 | D:2      | Reached XP level 4. HP: 44/44 MP: 3/3
  1660 | D:2      | Slain by an orc priest

Illustrated notes

Levels and vault maps discovered:
D:1:      dpeg_arrival_shrine, layout_basic,
          hellmonk_ecumenical_altar_pennies_from_heaven,
          nicolae_figureground_pulse
D:2:      cheibrodos_pilgrimage, layout_loops_cross, serial_aquarium,
          aquarium_bridge_square [aquarium_subvault_wall,
          aquarium_subvault_bridge, aquarium_subvault_balcony,
          aquarium_subvault_window], aquarium_window_1, aquarium_window_fake,
          aquarium_view_2g, aquarium_balcony_double_3, aquarium_pool_split

Skill      XL: |  1  2  3  4 |
---------------+-------------+-----
Maces & Flails | 3 |  3.5
Dodging        | 3 |  3.1
Fighting       | 3 |  3.0
Stealth        | |  1.2

Action                   |  1- 3 |  4- 6 || total
-------------------------+-------+-------++-------
Melee: Mace              |   143 |    45 ||   188
       Flail             |       |     8 ||     8
 Stab: Sleeping          |     1 |       ||     1
Armor: Robe              |    66 |    12 ||    78
Dodge: Dodged            |    91 |    26 ||   117
